 Dungeon Crawl Stone Soup version 0.24-a0-445-gd5110b030a (webtiles) character file.

Game seed: 17908676936210832238

14930 Peloso the Carver (level 11, -1/97 HPs)
             Began as a Minotaur Fighter on June 22, 2019.
             Was an Elder of Okawaru.
             Slain by a minotaur (22 damage)
             ... in a Gauntlet.
             The game lasted 00:36:44 (15676 turns).

Peloso the Carver (Minotaur Fighter)               Turns: 15676, Time: 00:36:44

Health: -1/97      AC: 17    Str: 22    XL:     11   Next: 95%
Magic:  9/11       EV: 19    Int:  5    God:    Okawaru [****..]
Gold:   324        SH: 16    Dex: 17    Spells: 10/10 levels left

rFire    + . .     SeeInvis +   a - +1 long sword
rCold    + . .     Gourm    .   c - +1 shield
rNeg     . . .     Faith    .   b - +0 chain mail
rPois    .         Spirit   .   (helmet restricted)
rElec    .         Reflect  .   (no cloak)
rCorr    .         Harm     .   (no gloves)
MR       .....     NoTele   +   e - +2 pair of boots of the Assassin {Detection Stab+ Stlth++}
Stlth    ++........             x - amulet of the acrobat
HPRegen  0.26/turn              N - ring of Egalitarianism {rF+ rC+ Stlth-}
MPRegen  0.12/turn              z - ring of see invisible

@: agile, heroism
A: retaliatory headbutt, horns 2
a: Heroism, Renounce Religion


You were in a Gauntlet.
You worshipped Okawaru.
Okawaru was greatly pleased with you.
You were not hungry.

You visited 2 branches of the dungeon, and saw 12 of its levels.
You also visited: Gauntlet.

You collected 588 gold pieces.
You spent 264 gold pieces at shops.

Inventory:

Hand Weapons
 a - a +1 long sword (weapon)
 i - a +0 hand crossbow
 P - the +3 Elemental Staff {rElec rF++ rC++ MR++ AC+5}
   (You found it in a Gauntlet)

   It affects your AC (+5).
   It greatly protects you from fire.
   It greatly protects you from cold.
   It insulates you from electricity.
   It affects your resistance to hostile enchantments.
Missiles
 n - 10 bolts
Armour
 b - a +0 chain mail (worn)
 c - a +1 shield (worn)
 e - the +2 pair of boots of the Assassin (worn) {Detection Stab+ Stlth++}
   (Okawaru gifted it to you on level 9 of the Dungeon)

   It makes you much more stealthy.
Jewellery
 d - an uncursed amulet of harm
 j - a +4 ring of strength {unknown}
 k - an uncursed ring of magical power
 x - an amulet of the acrobat (around neck)
 z - a ring of see invisible (right hand)
 N - the ring of Egalitarianism (left hand) {rF+ rC+ Stlth-}
   (You found it in a Gauntlet)

   [ring of attention]

   It protects you from fire.
   It protects you from cold.
   It makes you less stealthy.
Wands
 r - a wand of disintegration (25)
 y - a wand of random effects (6)
 C - a wand of iceblast (19)
 K - a wand of enslavement (6)
 L - a wand of digging (7)
 M - a wand of polymorph (8)
Scrolls
 g - a scroll of noise
 l - a scroll of magic mapping
 m - 3 scrolls of enchant armour
 p - a scroll of identify
 t - 2 scrolls of amnesia {unknown}
 v - 6 scrolls of teleportation {unknown}
 w - 3 scrolls of remove curse
 B - a scroll of acquirement {unknown}
 D - 2 scrolls of immolation {unknown}
 J - a scroll of blinking
 O - a scroll of brand weapon {unknown}
Potions
 h - 2 potions of lignification
 o - a potion of haste
 q - 4 potions of curing
 u - a potion of cancellation
 A - a potion of mutation
 E - a potion of magic
 F - a potion of might
 G - a potion of brilliance
 H - a potion of resistance
 I - a potion of flight {unknown}
Comestibles
 f - 13 rations


   Skills:
 + Level 9.2(14.2) Fighting
 + Level 12.6(17.6) Long Blades
 + Level 11.2(16.2) Armour
 + Level 4.6(9.6) Dodging
 + Level 1.2(6.2) Stealth
 + Level 12.3(17.3) Shields
 + Level 1.9 Invocations
 + Level 2.2 Evocations


You had 10 spell levels left.
You didn't know any spells.
Your spell library contained the following spells:

 Spells                   Type           Power        Failure   Level  Hunger
 Animate Skeleton         Necr           N/A          93%         1    ##.....
 Confusing Touch          Hex            #.....       93%         1    ##.....
 Pain                     Necr           #...         93%         1    ##.....
 Sting                    Conj/Pois      #...         93%         1    ##.....
 Poisonous Vapours        Pois/Air       #.....       98%         2    ###....
 Confuse                  Hex            #.......     100%        3    ####...
 Gell's Gravitas          Tloc           #.........   100%        3    ####...
 Mephitic Cloud           Conj/Pois/Air  #.......     100%        3    ####...
 Regeneration             Chrm/Necr      #.........   100%        3    ####...
 Vampiric Draining        Necr           #.........   100%        3    ####...
 Animate Dead             Necr           N/A          100%        4    #####..
 Olgreb's Toxic Radiance  Pois           #.......     100%        4    #####..
 Petrify                  Tmut/Erth      #.......     100%        4    #####..
 Metabolic Englaciation   Hex/Ice        #.........   100%        5    ######.
 Venom Bolt               Conj/Pois      #.........   100%        5    ######.
 Yara's Violent Unravell  Hex/Tmut       #.........   100%        5    ######.


Dungeon Overview and Level Annotations

Branches:
Dungeon (11/15)            Temple (0/1) D:7            Lair (1/6) D:9
    Orc: D:9-12

Altars:
Cheibriados
Elyvilon
Hepliaklqana
Okawaru
Qazlal
Trog
Uskayaw
Vehumet
Xom
Yredelemnul
Zin
The Shining One

Shops:
D:10 }

Portals:
Trove: D:10 (give 19 potions of curing)

Annotations:
D:6 2 runed translucent doors Gauntlet 6 transporters


Innate Abilities, Weirdness & Mutations

You reflexively headbutt those who attack you in melee.
You have a pair of horns on your head.


Message History

You hit the minotaur but do no damage.
You headbutt the minotaur, but do no damage.
The minotaur is heavily wounded.
You block the minotaur's attack. The minotaur gores you!
* * * LOW HITPOINT WARNING * * *
Unknown command.
You barely miss the minotaur. Your headbutt misses the minotaur.
The minotaur is heavily wounded.
Unknown command.
You hit the minotaur but do no damage.
The minotaur is heavily wounded.
The minotaur misses you.
You riposte.
You closely miss the minotaur. You headbutt the minotaur!
The minotaur is heavily wounded.
The minotaur gores you but does no damage.
Unknown command.
You hit the minotaur but do no damage. You headbutt the minotaur.
The minotaur is heavily wounded.
The minotaur hits you!!
You die...

#########
#.......#
#.#####.#
#.#H@.#.#
#.#.#.#.#
#.#.#.#.#
#.#∩#.#.#
#.###.#.#
#.....#.#
#######.#
#.....#
#.#####


You could see a minotaur.

Vanquished Creatures
  A death ooze (Gauntlet)
  2 two-headed ogres
  A queen ant (Gauntlet)
  A tengu warrior (Gauntlet)
  3 death yaks
  An unseen horror (D:10)
  Pikel (D:4)
  An ugly thing (D:11)
  Joseph (Lair:1)
  Psyche (D:8)
  2 tengu conjurers (Gauntlet)
  5 hippogriffs
  A slime creature (Gauntlet)
  A wraith (D:10)
  A vampire (D:10)
  A human (D:8)
  Eustachio (D:4)
  2 soldier ants (Gauntlet)
  A porcupine (Lair:1)
  A hornet zombie (D:10)
  An orc warrior (D:6)
  2 sky beasts
  2 black bears
  A necrophage (D:10)
  4 ice beasts
  7 ogres
  A phantom (D:7)
  3 centaurs
  4 wolves (Lair:1)
  A big kobold (D:8)
  4 bullfrogs
  3 scorpions
  11 killer bees (D:10)
  2 electric eels (D:10)
  2 howler monkeys
  4 crimson imps
  A centaur zombie (D:6)
  A bullfrog zombie (D:10)
  9 orc priests
  A bullfrog skeleton (D:4)
  10 hounds
  3 jellies
  16 orc wizards
  A centaur skeleton (D:4)
  6 iguanas
  6 worker ants
  A hell rat (D:9)
  2 hound zombies
  A worker ant zombie (D:6)
  18 adders
  2 river rats (D:9)
  2 shadow imps
  An adder zombie (D:3)
  An adder skeleton (D:7)
  A worm (D:3)
  2 dart slugs
  10 leopard geckos
  35 orcs
  2 ball pythons
  3 giant cockroaches (D:2)
  13 goblins
  8 hobgoblins
  10 jackals
  4 quokkas
  7 bats
  6 frilled lizards
  12 kobolds
  A leopard gecko skeleton (D:8)
  A quokka zombie (D:8)
  6 rats
284 creatures vanquished.

Vanquished Creatures (others)
  Grinder (D:4)
  A worker ant (D:4)
  Robin (D:4)
  A hobgoblin (D:4)
  9 goblins (D:4)
13 creatures vanquished.

Grand Total: 297 creatures vanquished

Notes
Turn   | Place    | Note
-------+----------+-------------------------------------------
     0 | D:1      | Peloso the Minotaur Fighter began the quest for the Orb.
     0 | D:1      | Reached XP level 1. HP: 19/19 MP: 0/0
   480 | D:1      | Reached XP level 2. HP: 26/27 MP: 1/1
   809 | D:2      | Reached XP level 3. HP: 27/33 MP: 2/2
  1299 | D:2      | Reached XP level 4. HP: 40/40 MP: 3/3
  1344 | D:2      | Found a faded altar of an unknown god.
  2030 | D:2      | Found an iron altar of Okawaru.
  2038 | D:2      | Became a worshipper of Warmaster Okawaru
  2440 | D:2      | Reached skill level 5 in Shields
  2440 | D:2      | Reached XP level 5. HP: 47/47 MP: 4/4
  3227 | D:3      | Found a shimmering altar of Xom.
  3227 | D:3      | Found a shimmering altar of Xom.
  3228 | D:3      | Found a shimmering altar of Xom.
  3230 | D:3      | Found a shimmering altar of Xom.
  3230 | D:3      | Found a shimmering altar of Xom.
  3440 | D:4      | Reached XP level 6. HP: 53/53 MP: 5/5
  3525 | D:4      | Reached skill level 5 in Armour
  3675 | D:4      | Reached * piety under Okawaru
  3675 | D:4      | Reached skill level 5 in Long Blades
  3787 | D:4      | Noticed a slave
  3790 | D:4      | Noticed Pikel
  3791 | D:4      | Noticed a slave
  3793 | D:4      | Noticed a slave
  3810 | D:4      | Noticed a slave
  3813 | D:4      | Killed Pikel
  3813 | D:4      | Reached ** piety under Okawaru
  3813 | D:4      | Reached skill level 5 in Fighting
  3813 | D:4      | Reached skill level 1 in Dodging
  3813 | D:4      | Reached XP level 7. HP: 50/61 MP: 6/6
  3820 | D:4      | Noticed Grinder
  3834 | D:4      | Killed Grinder
  3911 | D:4      | Reached XP level 8. HP: 26/69 MP: 7/7
  4078 | D:4      | Killed Robin
  4549 | D:4      | Found a snail-covered altar of Cheibriados.
  4844 | D:5      | Entered Level 5 of the Dungeon
  4844 | D:5      | Noticed Eustachio
  4877 | D:4      | Killed Eustachio
  4950 | D:5      | Found a glowing silver altar of Zin.
  4969 | D:5      | Reached *** piety under Okawaru
  5027 | D:5      | Found a radiant altar of Vehumet.
  5835 | D:6      | Found a runed translucent door.
  5837 | D:6      | Found a runed translucent door.
  5923 | D:6      | Reached XP level 9. HP: 71/78 MP: 8/8
  6083 | D:6      | Reached **** piety under Okawaru
  6164 | D:6      | Received a gift from Okawaru
  6709 | D:7      | Found a staircase to the Ecumenical Temple.
  7009 | D:7      | Reached skill level 10 in Shields
  7307 | D:7      | Reached skill level 10 in Long Blades
  7423 | D:7      | Reached XP level 10. HP: 74/86 MP: 9/9
  7601 | D:8      | Reached ***** piety under Okawaru
  7719 | D:8      | Found a hide-covered altar of Uskayaw.
  7720 | D:8      | Found a hazy altar of Hepliaklqana.
  7868 | D:8      | Found a basalt altar of Yredelemnul.
  8275 | D:8      | Found a bloodstained altar of Trog.
  8460 | D:8      | Found a stormy altar of Qazlal.
  8550 | D:8      | Found a glowing golden altar of the Shining One.
  8551 | D:8      | Found a white marble altar of Elyvilon.
  8562 | D:8      | Found a glowing silver altar of Zin.
  8724 | D:9      | Noticed a two-headed ogre
  9241 | D:9      | Killed a two-headed ogre
  9241 | D:9      | Reached skill level 1 in Evocations
  9242 | D:9      | Noticed a death yak
  9257 | D:9      | Noticed Psyche
  9257 | D:9      | Noticed a death yak
  9261 | D:9      | Noticed a death yak
  9263 | D:9      | Killed a death yak
  9263 | D:9      | Received a gift from Okawaru
  9264 | D:9      | Found the +2 pair of boots of the Assassin {Detection Stab+
                  | Stlth++}
  9283 | D:8      | HP: 4/88 [death yak (10)]
  9288 | D:8      | Killed Psyche
  9943 | D:7      | Killed a death yak
 10374 | D:9      | Killed a death yak
 11071 | D:9      | Found a staircase to the Lair.
 11194 | D:9      | Reached XP level 11. HP: 95/95 MP: 11/11
 11385 | D:10     | Entered Level 10 of the Dungeon
 11784 | D:10     | Noticed an unseen horror
 11802 | D:10     | Killed an unseen horror
 12057 | D:10     | Reached skill level 10 in Armour
 12139 | D:10     | Found a snail-covered altar of Cheibriados.
 12145 | D:10     | Found Kicumn's Gadget Emporium.
 12176 | D:10     | Bought a wand of digging (7) for 264 gold pieces
 12197 | D:10     | Noticed a two-headed ogre
 12204 | D:10     | Killed a two-headed ogre
 12701 | D:10     | Found a portal to a secret trove of treasure.
 13189 | D:11     | Noticed a cyan ugly thing
 13207 | D:11     | Killed a cyan ugly thing
 13372 | D:11     | Noticed a death knight
 13376 | D:11     | Noticed a death knight
 13801 | Lair:1   | Entered Level 1 of the Lair of Beasts
 13801 | Lair:1   | Noticed Joseph
 13822 | Lair:1   | Killed Joseph
 13822 | Lair:1   | Reached skill level 1 in Stealth
 13823 | Lair:1   | Reached skill level 1 in Invocations
 13845 | Lair:1   | Found a gate leading to a gauntlet.
 13858 | Gauntlet | Entered a Gauntlet
 13858 | Gauntlet | Found a transporter.
 13858 | Gauntlet | Found a transporter.
 13858 | Gauntlet | Found a transporter.
 13859 | Gauntlet | Found a transporter.
 13860 | Gauntlet | Found a transporter.
 13863 | Gauntlet | Found a transporter.
 13868 | Gauntlet | Noticed a catoblepas
 13870 | Gauntlet | Found a transporter.
 13872 | Gauntlet | Found a transporter.
 13874 | Gauntlet | Found a transporter.
 13874 | Gauntlet | Found a transporter.
 13877 | Gauntlet | Noticed a death ooze
 13880 | Gauntlet | Noticed a wizard
 13880 | Gauntlet | Noticed a wizard
 13882 | Gauntlet | Found a transporter.
 13883 | Gauntlet | Found a transporter.
 13884 | Gauntlet | Found the +3 Elemental Staff {rElec rF++ rC++ MR++ AC+5}
 13909 | Gauntlet | Noticed a queen ant
 13920 | Gauntlet | Noticed a tengu warrior
 14136 | Gauntlet | Killed a tengu warrior
 14158 | Gauntlet | Got a scorched lead ring
 14160 | Gauntlet | Identified the ring of Egalitarianism {rF+ rC+ Stlth-} (You
                  | found it in a Gauntlet)
 14626 | Gauntlet | HP: 4/97 [poisoned by a queen ant]
 14631 | Gauntlet | Killed a queen ant
 15129 | Gauntlet | Killed a death ooze
 15654 | Gauntlet | Noticed a minotaur
 15676 | Gauntlet | Slain by a minotaur

Levels and vault maps discovered:
D:1:      mrwooster_arrival_statue_3, layout_basic, serial_bayou,
          serial_bayou_pond_c, serial_bayou_pond_c, serial_bayou_shore_a,
          serial_bayou_lagoon_a
D:2:      layout_basic, okawaru_altar_gauntlet_db,
          chequers_ecumenical_altar_twisty, dk_vineyard_2,
          minmay_increasing_density
D:3:      layout_basic, xom_redecorated, first_ration
D:4:      minmay_wonky_spiral, layout_layer_cave, marbit_many_paths, uniq_robin,
          uniq_grinder, uniq_pikel
D:5:      layout_cave_pools, nicolae_overflow_hidden_temple,
          kennysheep_mini_moat, basic_altar, uniq_eustachio
D:6:      lemuel_insect_pit, layout_loops_corners, kennysheep_crisscross
D:7:      layout_basic, minmay_temple_entry_wispy
D:8:      layout_layer_cave, good_gods_temple_1, nicolae_overflow_crystal_walls,
          nicolae_qazlal_eye_of_the_storm,
          chequers_temple_overflow_statue_of_worship, lightli_temple_of_fire,
          grunt_pizzeria, lightli_corner_chamber
D:9:      layout_small_grid, dpeg_lair_monsters, uniq_psyche
D:10:     layout_basic, serial_shops, shop_statue, serial_bayou,
          serial_bayou_pond_e, serial_bayou_pond_b, serial_bayou_lagoon_b,
          serial_bayou_shore_b, serial_bayou_crossing, basic_altar,
          enter_trove_3
D:11:     cheibrodos_tormentor_scu, layout_basic, hiddenorc1_lemuel
Lair:1:   layout_chaotic_city, gauntlet_entry_generic, lemuel_oklob_altar,
          uniq_joseph
Gauntlet: minmay_gauntlet_mixed_big_or_small [gammafunk_gauntlet_arena_teeth,
          minmay_gauntlet_arena_77_squiggly, nicolae_gauntlet_arena_quarters,
          minmay_gauntlet_arena_77_double_cross, gammafunk_gauntlet_arena_grid,
          minmay_gauntlet_arena_77_hold_the_fort, gauntlet_exit_spiral]

Skill      XL: |  1  2  3  4  5  6  7  8  9 10 11 |
---------------+----------------------------------+-----
Fighting       | 4 5 6 7 8 9 |  9.2
Shields        | 4 5 7 8 10 11 12 | 12.3
Armour         | 4 5 6 7 9 11 | 11.2
Long Blades    | 3 4 6 8 10 11 12 | 12.6
Dodging        | 1 2 3 4 |  4.6
Evocations     | 2 |  2.2
Stealth        | 1 |  1.2
Invocations    | 1 |  1.9

Action                   |  1- 3 |  4- 6 |  7- 9 | 10-12 || total
-------------------------+-------+-------+-------+-------++-------
Melee: Long sword        |    56 |   206 |   390 |   502 ||  1154
       Headbutt          |     7 |    31 |    83 |   141 ||   262
Invok: Heroism           |       |       |     1 |    19 ||    20
       Finesse           |       |       |       |     1 ||     1
Evoke: Wand              |       |       |       |    34 ||    34
  Use: Potion            |       |     1 |     1 |    12 ||    14
       Scroll            |       |       |       |    16 ||    16
  Eat: Chunk             |     1 |     9 |    11 |    13 ||    34
       Ration            |       |       |       |     4 ||     4
Armor: Scale mail        |    17 |   108 |    68 |       ||   193
       Chain mail        |       |       |    62 |   197 ||   259
Dodge: Dodged            |    27 |    68 |   151 |   195 ||   441
Block: Shield            |    36 |   140 |   223 |   314 ||   713
       Rpst.: Long sword |     7 |    17 |    38 |    52 ||   114

Table legend:
 A = Non-vault XP
 B = Vault XP
 C = Vault XP percentage of total XP
 D = Non-vault monster count
 E = Vault monster count
 F = Vault count percentage of total count
                 A         B        C        D         E       F
            +---------+---------+-------+---------+---------+-------
      Total |   12118 |    9211 |  43.2 |     245 |      39 |  13.7
            +---------+---------+-------+---------+---------+-------
        D:1 |      18 |       0 |   0.0 |      10 |       0 |   0.0
        D:2 |     118 |      47 |  28.5 |      23 |      11 |  32.4
        D:3 |     187 |       0 |   0.0 |      35 |       0 |   0.0
        D:4 |     610 |     828 |  57.6 |      15 |       3 |  16.7
        D:5 |     545 |       0 |   0.0 |      19 |       0 |   0.0
        D:6 |    1322 |       0 |   0.0 |      41 |       0 |   0.0
        D:7 |    1882 |     880 |  31.9 |      30 |       1 |   3.2
        D:8 |     836 |     634 |  43.1 |      21 |       2 |   8.7
        D:9 |    1262 |    1805 |  58.9 |      13 |       7 |  35.0
       D:10 |    3694 |     416 |  10.1 |      28 |       5 |  15.2
       D:11 |     778 |       0 |   0.0 |       4 |       0 |   0.0
     Lair:1 |     866 |     466 |  35.0 |       6 |       1 |  14.3
   Gauntlet |       0 |    4135 | 100.0 |       0 |       9 | 100.0
            +---------+---------+-------+---------+---------+-------
